[Event "*** Titled Tuesday Blitz"]
[Site "Chess.com"]
[Date "2021.03.02"]
[Round "3"]
[White "SergeyShtyka"]
[Black "chesslh19"]
[Result "1-0"]
[WhiteElo "2459"]
[BlackElo "2244"]
[TimeControl "180+1"]
[EndTime "10:27:51 PST"]
[Termination "SergeyShtyka won on time"]

1. e4 e5 2. Nf3 Nf6 3. Nc3 Nc6 4. Bb5 Bb4 5. O-O O-O 6. d3 d6 7. Bxc6 bxc6 8. Bg5 Bxc3 9. bxc3 Bg4 10. h3 Bh5 11. g4 Bg6 12. Rb1 Qe7 13. Rb7 Rfb8 14. Qb1 Qd8 15.
Bxf6 gxf6 16. Rb3 Rb6 17. Qc1 Rab8 18. Qa3 Qc8 19. Rfb1 Rxb3 20. axb3 h5 21. Nh2 Kg7 22. Ra1 Rb7 23. Qa4 Rb6 24. Qxa7 d5 25. f3 hxg4 26. hxg4 Bh7 27. Qa3 Bg8 28. Qe7 Rb8 29. Kf2 Ra8 30. Rxa8 Qxa8 31. Nf1 Qa7+ 32. Ke2 dxe4 33. fxe4 Qa2 34.
Ne3 Bh7 35. g5 fxg5 36. Qxg5+ Kf8 37. Qxe5 Bg6 38. Qxc7 Bh5+ 39. Kd2 Qa1 40. Qd8+ 1-0

[Event "*** Titled Tuesday Blitz"]
[Site "Chess.com"]
[Date "2021.03.02"]
[Round "3"]
[White "GM_dmitrij"]
[Black "KetiGrant"]
[Result "1-0"]
[WhiteElo "3013"]
[BlackElo "2351"]
[TimeControl "180+1"]
[EndTime "10:27:52 PST"]
[Termination "GM_dmitrij won on time"]

1. e4 c5 2. Nf3 Nc6 3. Bb5 g6 4. O-O Bg7 5. c3 Nf6 6. Re1 O-O 7. d4 cxd4 8. cxd4 d5 9. e5 Ne4 10. Nc3 Nxc3 11. bxc3 Bg4 12. h3 Bxf3 13. Qxf3 Na5 14. h4 Rc8 15. h5 Nc4 16. Rb1 b6 17. h6 Bh8 18. Bf4 e6 19. Ba6 Rc7 20. Rb4 Qe7 21. Bxc4 Rxc4 22. Rxc4 dxc4 23. Qc6 Qh4 24. g3 Qh5 25. Kg2 g5 26. Rh1 Qg6 27. Be3 f5 28. exf6 Qxf6 29. Qxc4 Qf3+ 30. Kg1 Qd1+ 31. Qf1 Qf3 32.
Qe1 e5 33. dxe5 Bxe5 34. Bxg5 Bxc3 35. Qe6+ Kh8 36. Be3 Qd1+ 37. Kh2 Qh5+ 38. Qh3 Qe2 39. Qg2 Qh5+ 40. Kg1 Qd1+ 41. Qf1 Qf3 42. Rh4 1-0

[Event "*** Titled Tuesday Blitz"]
[Site "Chess.com"]
[Date "2021.03.02"]
[Round "3"]
[White "anon481216"]
[Black "gatocorbis"]
[Result "1-0"]
[WhiteElo "2479"]
[BlackElo "2062"]
[TimeControl "180+1"]
[EndTime "10:27:53 PST"]
[Termination "anon481216 won on time"]

1. d4 Nf6 2. c4 c5 3. d5 b5 4.
cxb5 a6 5. bxa6 Bxa6 6. Nc3 d6 7. Nf3 g6 8. g3 Nbd7 9. Bg2 Bg7 10. Rb1 O-O 11.
O-O Qa5 12. Bd2 Qc7 13. b3 Rfb8 14. Re1 Ng4 15. Qc2 Nge5 16. Nxe5 Nxe5 17. h3 h5 18. a4 Ra7 19. f4 Nd7 20. f5 Ne5 21. Be4 gxf5 22.
Bxf5 Bc8 23. Kg2 Rab7 24. Nb5 Qd8 25. Rf1 Bd7 26. Bxd7 Qxd7 27. Bc3 Rf8 28. Qf5 Qxf5 29. Rxf5 h4 30. gxh4 Ng6 31. Rg5 Nxh4+ 32. Kh1 Ng6 33. h4 Bxc3 34. Nxc3 Kh7 35. h5 Ne5 36. Nb5 Rbb8 37.
Rbg1 Rg8 38. Rxg8 Rxg8 39. Rxg8 Kxg8 40. a5 Nd7 41. a6 1-0

[Event "*** Titled Tuesday Blitz"]
[Site "Chess.com"]
[Date "2021.03.02"]
[Round "3"]
[White "Chowman64"]
[Black "PSvidler"]
[Result "0-1"]
[WhiteElo "2612"]
[BlackElo "2919"]
[TimeControl "180+1"]
[EndTime "10:27:55 PST"]
[Termination "PSvidler won on time"]

1. Nf3 g6 2. c4 Bg7 3. Nc3 c5 4. g3 Nc6 5. Bg2 d6 6. d3 Nf6 7. Rb1 O-O 8. O-O d5 9. cxd5 Nxd5 10. Bd2 b6 11. a3 Nxc3 12. Bxc3 Bxc3 13. bxc3 Bb7 14.
Qc1 Kg7 15. Rd1 Rc8 16. Qb2 Na5 17. h4 Qd6 18. h5 Rfd8 19. Qc1 Bxf3 20. Bxf3 Qf6 21.
h6+ Kf8 22. Kg2 Nc6 23. Rh1 Ne5 24. Be4 Ng4 25. Bf3 Ne5 26. Be4 e6 27. Rh4 Nd7 28. c4 Qe5 29. Rf4 Nf6 0-1

[Event "*** Titled Tuesday Blitz"]
[Site "Chess.com"]
[Date "2021.03.02"]
[Round "3"]
[White "TeukkaSalama"]
[Black "AliKa2810"]
[Result "1/2-1/2"]
[WhiteElo "2373"]
[BlackElo "2547"]
[TimeControl "180+1"]
[EndTime "10:27:55 PST"]
[Termination "Game drawn by repetition"]

1. d4 Nf6 2. Bg5 d5 3. Bxf6 gxf6 4. e3 c5 5. dxc5 Nc6 6. Nc3 e6 7. Qh5 Bxc5 8. O-O-O Qe7 9. Nf3 Bd7 10. Bb5 O-O-O 11. Kb1 Kb8 12. e4 d4 13. Na4 Bd6 14.
Nxd4 Nxd4 15. Rxd4 Be5 16. Rxd7 Rxd7 17. Bxd7 Qxd7 18.
Nc5 Qc6 19. Nd3 Bd4 20. f3 Rc8 21. c3 Bxc3 22. bxc3 Qxc3 23. Qb5 Qc2+ 24. Ka1 Rc3 25. Rc1 Qxd3 26. Qe8+ Kc7 27. Qxf7+ Kd6 28. Qf8+ Kd7 29.
Qf7+ Kd6 30. Qf8+ Kd7 31. Qf7+ Kd6 1/2-1/2

[Event "*** Titled Tuesday Blitz"]
[Site "Chess.com"]
[Date "2021.03.02"]
[Round "3"]
[White "KeithArkell"]
[Black "Deepweb2020"]
[Result "1-0"]
[WhiteElo "2602"]
[BlackElo "2406"]
[TimeControl "180+1"]
[EndTime "10:27:56 PST"]
[Termination "KeithArkell won by resignation"]

1. d4 Nf6 2. Nf3 e6 3. c4 Bb4+ 4. Bd2 Qe7 5. g3 Nc6 6. Nc3 Bxc3 7. Bxc3 Ne4 8. Rc1 O-O 9. Bg2 Nxc3 10. Rxc3 d6 11. d5 Nb8 12. dxe6 fxe6 13. O-O e5 14. c5 Nc6 15. cxd6 cxd6 16. Nd2 Nd4 17. e3 Ne6 18. Ne4 Rd8 19. Rd3 Bd7 20. Nxd6 Nc5 21. Rd5 b6 22. b4 Ba4 23. Qd2 Ne6 24. Nf5 Qe8 25.
Qc3 Bc6 26. Rxe5 Bxg2 27. Rxe6 Qf7 28. Re7 Qf6 29. Qxf6 gxf6 30. Kxg2 Rd5 31. e4 Rb5 32. Rd1 1-0

[Event "*** Titled Tuesday Blitz"]
[Site "Chess.com"]
[Date "2021.03.02"]
[Round "3"]
[White "davigator"]
[Black "davidkalashian"]
[Result "0-1"]
[WhiteElo "2394"]
[BlackElo "2581"]
[TimeControl "180+1"]
[EndTime "10:27:56 PST"]
[Termination "davidkalashian won by resignation"]

1. e4 c6 2. d4 g6 3. d5 Bg7 4. Nc3 d6 5. h3 Nf6 6. Nf3 O-O 7. Be2 b5 8. a3 a6 9. O-O Bb7 10. Re1 Nbd7 11. Be3 cxd5 12. exd5 Nb6 13. Bxb6 Qxb6 14.
Bf1 Rfe8 15. Qd3 Rac8 16. Rad1 b4 17. axb4 Qxb4 18. Rb1 Rc5 19. Na2 Qa4 20. Nc3 Qd7 21. b4 Rc7 22. Rb3 Rec8 23. g4 Nxg4 24. hxg4 Qxg4+ 25. Bg2 Rxc3 26. Rxc3 Rxc3 27. Qd1 Bf6 28. Kf1 Qc4+ 29.
Re2 Bxd5 30. Ne1 Bxg2+ 31. Nxg2 Qxb4 32. Kg1 Ra3 33. Re1 Ra1 34. Qe2 Rxe1+ 35. Nxe1 a5 36.
Nd3 Qb1+ 37. Kg2 a4 38. Nf4 a3 39. Nd5 a2 40. Nxe7+ Bxe7 41. Qxe7 a1=Q 42. Qd8+ Kg7 43. Qxd6 Qh1+ 44. Kg3 Qag1+ 45. Kf4 Qhh2+ 0-1

[Event "*** Titled Tuesday Blitz"]
[Site "Chess.com"]
[Date "2021.03.02"]
[Round "3"]
[White "Chuchofrio1"]
[Black "Caracternin123"]
[Result "0-1"]
[WhiteElo "2287"]
[BlackElo "2604"]
[TimeControl "180+1"]
[EndTime "10:27:56 PST"]
[Termination "Caracternin123 won by checkmate"]

1. e4 e5 2. Nf3 Nf6 3. Nc3 Bb4 4.
Bc4 O-O 5. O-O d6 6. d3 Bxc3 7. bxc3 Be6 8. Bb3 c5 9. Bg5 h6 10. Bh4 Nc6 11. d4 Bg4 12. d5 Ne7 13. h3 Bxf3 14.
Qxf3 Ng6 15. Bg3 b5 16. c4 a6 17. cxb5 axb5 18. c4 b4 19. Qe3 Ra3 20. f4 exf4 21. Bxf4 Nxf4 22. Rxf4 Nd7 23. Raf1 Ne5 24. Qe2 Qg5 25.
Rf5 Qg3 26. Rxe5 Qxe5 27. Rf5 Qd4+ 28. Kh2 Re8 29. Rf4 Ra7 30. h4 Rae7 31. Bc2 Qb2 32. Qd3 Re5 33. Rg4 R5e7 34. g3 Qe5 35. Rf4 g6 36. Ba4 Ra8 37. Bb3 Kg7 38. Qf3 f5 39. exf5 Qe2+ 40. Kh3 Qxf3 41. f6+ Kf7 42. Rxf3 Re2 43. g4 Ra3 44. g5 hxg5 45. hxg5 Rexa2 46. Re3 Rb2 47. Re7+ Kf8 48. Rd7 Rbxb3+ 49. Kg4 Rc3 50.
Rxd6 Rxc4# 0-1

[Event "*** Titled Tuesday Blitz"]
[Site "Chess.com"]
[Date "2021.03.02"]
[Round "3"]
[White "13MiRacLe"]
[Black "IngOscarArdila"]
[Result "1-0"]
[WhiteElo "2728"]
[BlackElo "2248"]
[TimeControl "180+1"]
[EndTime "10:27:57 PST"]
[Termination "13MiRacLe won by checkmate"]

1. e4 e5 2. Nf3 Nf6 3. Nxe5 d6 4. Nf3 Nxe4 5. d4 d5 6. Bd3 Be7 7. O-O Nc6 8. Nbd2 f5 9. c4 Nb4 10. Bb1 Be6 11. Re1 c6 12. a3 Na6 13. c5 O-O 14.
Ne5 Bf7 15. f3 Nxd2 16. Bxd2 Bg6 17. Nxg6 hxg6 18. Bf4 Bh4 19. Re6 Kf7 20. Rd6 Qe7 21.
Bd3 Nc7 22. Qd2 Rae8 23. Be5 Ne6 24. g3 Bg5 25. f4 Bf6 26. Bf1 Bxe5 27. fxe5 Qg5 28.
Qxg5 Nxg5 29. Bg2 Re7 30. h4 Ne6 31. Rd1 Rd8 32. Kf2 Rxd6 33. cxd6 Rd7 34. b4 a6 35. Ke3 g5 36. hxg5 Nxg5 37. a4 Ke6 38. b5 axb5 39. axb5 Rd8 40. bxc6 bxc6 41. Rc1 Kd7 42.
Ra1 Rb8 43. Ra7+ Ke6 44. Re7# 1-0

[Event "*** Titled Tuesday Blitz"]
[Site "Chess.com"]
[Date "2021.03.02"]
[Round "3"]
[White "Chandradi"]
[Black "Legendinunknown"]
[Result "0-1"]
[WhiteElo "2332"]
[BlackElo "2609"]
[TimeControl "180+1"]
[EndTime "10:27:58 PST"]
[Termination "Legendinunknown won by resignation"]

1. c4 Nf6 2. g3 e5 3. Bg2 d5 4. cxd5 Nxd5 5. Nc3 Nb6 6. Nf3 Nc6 7. O-O Be7 8. a3 g5 9. h3 h5 10. Ne1 f5 11. b4 a6 12. Bb2 h4 13. gxh4 g4 14.
hxg4 fxg4 15. Ne4 Be6 16. Nd3 Bd6 17. Ndc5 Qxh4 18. Re1 Bd5 19. d4 O-O-O 20. Nxd6+ cxd6 21.
e4 Rdf8 22. Qc2 Bc4 23. Nd3 Rf3 24. Re3 Qh2+ 25. Kf1 Rxe3 26. fxe3 Rf8+ 27. Ke1 Qg1+ 28. Kd2 Qxg2+ 29. Kc3 Qxc2+ 30. Kxc2 exd4 31. exd4 Bxd3+ 32. Kxd3 Rf3+ 33. Ke2 Nc4 34. d5 Nxb2 35. Rc1 Nd3 0-1

[Event "*** Titled Tuesday Blitz"]
[Site "Chess.com"]
[Date "2021.03.02"]
[Round "3"]
[White "Misha_Bilous"]
[Black "chessprincesa1"]
[Result "1-0"]
[WhiteElo "2508"]
[BlackElo "2237"]
[TimeControl "180+1"]
[EndTime "10:28:00 PST"]
[Termination "Misha_Bilous won by resignation"]

1. d4 Nf6 2. c4 d5 3. cxd5 Nxd5 4. e4 Nf6 5. Nc3 e6 6. Bg5 h6 7. Bh4 Be7 8. Nf3 O-O 9. Be2 c5 10. d5 exd5 11. exd5 b6 12. O-O Bb7 13. Bc4 Na6 14.
Ne5 Nb4 15. Re1 Nbxd5 16. Nxd5 Nxd5 17. Bxe7 Nxe7 18. Qxd8 Raxd8 19. Nxf7 Bd5 20. Nxd8 Bxc4 21. Rxe7 Rxd8 22. Rxa7 Rd2 23. b3 Be6 24. h3 Kh7 25. Rb7 Rd6 26. Re1 Kg6 27. Kh2 Kf6 28. Kg3 Bd7 29. Re4 b5 30. Rb8 Kg6 31. Rd8 Rd3+ 32. f3 Rd2 33. Re7 1-0

[Event "*** Titled Tuesday Blitz"]
[Site "Chess.com"]
[Date "2021.03.02"]
[Round "3"]
[White "mortngabriel"]
[Black "FeketeBarika"]
[Result "0-1"]
[WhiteElo "2483"]
[BlackElo "2246"]
[TimeControl "180+1"]
[EndTime "10:28:00 PST"]
[Termination "FeketeBarika won by resignation"]

1. e4 e6 2. Nf3 d5 3. e5 c5 4. b4 cxb4 5. a3 Nc6 6. axb4 Nxb4 7. c3 Nc6 8. d4 Bd7 9. Bd3 a6 10.
Ng5 g6 11. h4 h6 12. Nf3 Bg7 13. h5 g5 14. Ba3 Nge7 15. O-O O-O 16. Nh2 Re8 17. Bc2 f5 18. exf6 Bxf6 19. Qd3 Nf5 20. g4 e5 21. gxf5 e4 22. Qh3 Qc8 23. Ng4 Bg7 24.
Nd2 Bxf5 25. f3 b5 26. Qg2 e3 27. Bxf5 Qxf5 28. Nb3 b4 29. Bb2 a5 30. cxb4 axb4 31. Rae1 Ra2 32. Rxe3 Rxe3 33. Nxe3 Qd3 34. Nxd5 Qxb3 35.
Rf2 Qxd5 0-1

[Event "*** Titled Tuesday Blitz"]
[Site "Chess.com"]
[Date "2021.03.02"]
[Round "3"]
[White "svilson23"]
[Black "Grimlock_Glasgow"]
[Result "0-1"]
[WhiteElo "2240"]
[BlackElo "2457"]
[TimeControl "180+1"]
[EndTime "10:28:00 PST"]
[Termination "Grimlock_Glasgow won by resignation"]

1. Nf3 d5 2. c4 d4 3. b4 g5 4. Qb3 e5 5. Nxe5 Bg7 6. Nd3 Nf6 7. g3 O-O 8. Bg2 Re8 9. Bb2 a5 10. e3 axb4 11. O-O dxe3 12. fxe3 Na6 13. a3 bxa3 14. Nxa3 c6 15. Bd4 Ne4 16. Bxg7 Kxg7 17. Qb2+ f6 18. Nf2 Qxd2 19. Qb6 Nxf2 20. Rxf2 Qxe3 21. Qb2 Nc5 22. Qxf6+ Kg8 23. Qf7+ Kh8 24. Qf6+ Kg8 25. Rf1 Be6 26.
Bh3 Rxa3 27. Bxe6+ Nxe6 28. Qf7+ Kh8 29. Qf6+ Ng7 30.
Qf8+ Rxf8 0-1

[Event "*** Titled Tuesday Blitz"]
[Site "Chess.com"]
[Date "2021.03.02"]
[Round "3"]
[White "LogoCzar"]
[Black "volunteers1998"]
[Result "1-0"]
[WhiteElo "2355"]
[BlackElo "2150"]
[TimeControl "180+1"]
[EndTime "10:28:00 PST"]
[Termination "LogoCzar won by resignation"]

1. e4 c5 2. Nf3 Nc6 3. d4 cxd4 4.
Nxd4 Nf6 5. Nc3 e5 6. Ndb5 d6 7. Bg5 a6 8. Na3 b5 9. Nd5 Be7 10. Bxf6 Bxf6 11. c3 Bg5 12. Nc2 O-O 13. a4 bxa4 14.
Rxa4 f5 15. Bc4 Kh8 16. exf5 Bxf5 17. O-O a5 18. Nce3 Be6 19. Qe2 Ne7 20. Rfa1 Nxd5 21. Bxd5 Bxe3 22. Bxe6 Bxf2+ 23. Kh1 Bc5 24. Bd5 Rb8 25. Qh5 Qf6 26. h3 Rxb2 27. Rh4 h6 28. Rg4 Be3 29. Re1 Bf4 30. Be4 a4 31. Rf1 a3 32. g3 a2 33. gxf4 Rb1 34. Rxb1 axb1=Q+ 35. Bxb1 exf4 36. Rg6 Qxc3 37. Rxh6+ 1-0

[Event "*** Titled Tuesday Blitz"]
[Site "Chess.com"]
[Date "2021.03.02"]
[Round "3"]
[White "katchesskat"]
[Black "heyjohnnypark"]
[Result "0-1"]
[WhiteElo "2283"]
[BlackElo "2602"]
[TimeControl "180+1"]
[EndTime "10:28:01 PST"]
[Termination "heyjohnnypark won on time"]

1. c4 e5 2. e3 Nf6 3. a3 c6 4.
b4 d5 5. Qc2 d4 6. Nf3 Bd6 7.
Bb2 dxe3 8. dxe3 Qe7 9. c5 Bc7 10. e4 a5 11. Bc4 O-O 12. O-O axb4 13. axb4 Rxa1 14. Bxa1 Nbd7 15. Nbd2 b6 16. Nb3 Nh5 17. Rd1 b5 18. Bf1 Ndf6 19. Bc3 Bg4 20. Nbd2 Nf4 21. h3 Bh5 22. g3 Ne6 23. Ra1 Bb8 24. Nxe5 Nd8 25.
f4 Nd7 26. Nd3 f5 27. e5 Ne6 28. Ra6 g5 29. Rxc6 gxf4 30. gxf4 Kh8 31. Kh2 Rg8 32. Qa2 Qh4 0-1

[Event "*** Titled Tuesday Blitz"]
[Site "Chess.com"]
[Date "2021.03.02"]
[Round "3"]
[White "Azde"]
[Black "GM_Crest"]
[Result "0-1"]
[WhiteElo "2450"]
[BlackElo "2769"]
[TimeControl "180+1"]
[EndTime "10:28:02 PST"]
[Termination "GM_Crest won by resignation"]

1. d4 d5 2. c4 dxc4 3. e3 e6 4. Bxc4 c5 5. Nf3 Nf6 6. O-O a6 7. a4 Nc6 8. Qe2 cxd4 9. Rd1 Be7 10. Nxd4 Qc7 11. Nc3 O-O 12. Nxc6 bxc6 13. e4 e5 14. Be3 a5 15. h3 h6 16. Rac1 Rb8 17.
Rc2 Bb4 18. f3 Qe7 19. Rdc1 Nh5 20. Qf2 Nf4 21. Ne2 Qg5 22. Bxf4 exf4 23. Ba2 Bxh3 24. Rxc6 Bd7 25. Rc7 Bxa4 26. Nd4 Rbd8 27. Bd5 Rxd5 28. exd5 Qxd5 29. Nc6 Bxc6 30. R7xc6 Bd2 31. R1c5 Qd3 32. Kh2 Be3 33. Qh4 Qf1 34. Kh3 Qh1+ 35. Kg4 Qxg2+ 36. Kf5 Bxc5 0-1

[Event "*** Titled Tuesday Blitz"]
[Site "Chess.com"]
[Date "2021.03.02"]
[Round "3"]
[White "tigra"]
[Black "ZiggyStardust64"]
[Result "1-0"]
[WhiteElo "2858"]
[BlackElo "2624"]
[TimeControl "180+1"]
[EndTime "10:28:04 PST"]
[Termination "tigra won by resignation"]

1. e4 c6 2. Nf3 d5 3. Nc3 Bg4 4. h3 Bxf3 5. Qxf3 e6 6. g4 Nd7 7.
d4 Bb4 8. Be3 Ngf6 9. exd5 cxd5 10. Bd3 Rc8 11. Bd2 O-O 12. a3 Bxc3 13. Bxc3 Nb6 14.
O-O-O Na4 15. Bb4 Qb6 16. b3 Ne4 17. bxa4 Nd6 18. a5 Qc7 19. Kd2 Rfd8 20. Ke2 Nc4 21. a6 bxa6 22. Rb1 Nb6 23. Rhc1 Na4 24. Bxa6 Rb8 25.
c4 dxc4 26. Bxc4 Qd7 27. d5 exd5 28. Bd3 Nb6 29. Qf5 Qe8+ 30. Kf3 g6 31. Qf4 d4 32.
Re1 Qd7 33. Re7 Qc6+ 34. Be4 Qc4 35. Rc1 Qa2 36. Rcc7 Rf8 37. Qf6 Nd5 38. Qxd4 Nxc7 39. Bc3 f6 40. Qd7 Rf7 41. Qxc7 Rbf8 42. Qxa7 Rxe7 43.
Qxe7 f5 44. gxf5 Rf7 45. Qd8+ Rf8 46. Qd5+ Qxd5 47. Bxd5+ Rf7 1-0

[Event "*** Titled Tuesday Blitz"]
[Site "Chess.com"]
[Date "2021.03.02"]
[Round "3"]
[White "eldur16"]
[Black "j_coca"]
[Result "1-0"]
[WhiteElo "2530"]
[BlackElo "2300"]
[TimeControl "180+1"]
[EndTime "10:28:04 PST"]
[Termination "eldur16 won by resignation"]

1. e4 g6 2. d4 Bg7 3. Nc3 d6 4. f4 Nc6 5. Be3 f6 6. Nf3 Bg4 7. Be2 Bxf3 8. Bxf3 e5 9. Ne2 Nge7 10. O-O O-O 11. c3 f5 12. dxe5 dxe5 13. Qb3+ Kh8 14.
Rad1 Qc8 15. exf5 gxf5 16. fxe5 Bxe5 17. Nf4 Rb8 18. Rfe1 Ng6 19. Ne6 Rf6 20. Ng5 f4 21.
Bf2 Qf5 22. h4 h6 23. Ne4 Rff8 24. Nc5 Bf6 25. Nd7 Nxh4 26. Bxc6 bxc6 27. Nxb8 f3 28.
Qe6 Qg6 29. g3 Nf5 30. Qe4 Rxb8 31. Qxf3 Rg8 32. Re6 Qg5 33. Kh2 Be7 34. c4 Bd6 35. Rd3 h5 36. c5 Bf8 37. Re5 1-0

[Event "*** Titled Tuesday Blitz"]
[Site "Chess.com"]
[Date "2021.03.02"]
[Round "3"]
[White "JulianProleiko"]
[Black "klimkoj"]
[Result "1-0"]
[WhiteElo "2424"]
[BlackElo "2588"]
[TimeControl "180+1"]
[EndTime "10:28:05 PST"]
[Termination "JulianProleiko won by checkmate"]

1. e4 c5 2. Nf3 d6 3. d4 cxd4 4.
Nxd4 Nf6 5. Nc3 a6 6. Bg5 e6 7. f4 Be7 8. Qf3 Nbd7 9. Bc4 Qc7 10. Bxe6 O-O 11. Bb3 b5 12. Nf5 Nc5 13. Bxf6 Bxf6 14.
Nd5 Qd8 15. O-O-O Bxf5 16. exf5 a5 17. a3 b4 18. a4 Rc8 19. Kb1 g6 20. fxg6 hxg6 21.
h4 Bg7 22. h5 Nxb3 23. Qxb3 gxh5 24. Rxh5 Re8 25. Qg3 Kf8 26. Rdh1 f5 27. Qg6 Qd7 28. Rh8+ Bxh8 29. Rxh8# 1-0

[Event "*** Titled Tuesday Blitz"]
[Site "Chess.com"]
[Date "2021.03.02"]
[Round "3"]
[White "mr65"]
[Black "ARTHURMOTIVATOR"]
[Result "0-1"]
[WhiteElo "2092"]
[BlackElo "2339"]
[TimeControl "180+1"]
[EndTime "10:28:06 PST"]
[Termination "ARTHURMOTIVATOR won on time"]

1. e4 e5 2. Nf3 Nc6 3. Bb5 a6 4. Ba4 d6 5. O-O Bd7 6. c3 g6 7. h3 Bg7 8. d4 Nge7 9. Na3 O-O 10. Bc2 b5 11. Bb1 h6 12. Nc2 f5 13. exf5 gxf5 14. dxe5 dxe5 15. a4 bxa4 16. Ba2+ Kh7 17. Ng5+ Kh8 18.
Nf7+ Rxf7 19. Bxf7 f4 20. Qh5 Bf5 21. Ne1 Qd6 22. Nf3 Rf8 23. Ba2 Bg6 24. Qg4 Bf5 25. Qh5 Bg6 26. Qg4 Kh7 27. Nh4 Bd3 28. Rd1 e4 29. Bb1 Ne5 0-1

[Event "*** Titled Tuesday Blitz"]
[Site "Chess.com"]
[Date "2021.03.02"]
[Round "3"]
[White "DrVelja"]
[Black "rquery98"]
[Result "1/2-1/2"]
[WhiteElo "2845"]
[BlackElo "2632"]
[TimeControl "180+1"]
[EndTime "10:28:07 PST"]
[Termination "Game drawn by repetition"]

1. e4 e5 2. Nf3 Nc6 3. Bb5 a6 4. Ba4 Nge7 5. Nc3 g6 6. d4 exd4 7. Nxd4 Bg7 8. Nxc6 Nxc6 9. Be3 O-O 10. Qd2 d6 11.
Bb3 Na5 12. O-O-O Nxb3+ 13. axb3 Be6 14. Bh6 Re8 15. Bxg7 Kxg7 16. h4 h5 17. f3 Qf6 18.
Kb1 Rad8 19. Qe3 d5 20. Qc5 dxe4 21. Nxe4 Qe7 22. Qc3+ f6 23. Rxd8 Rxd8 24. Re1 Bd5 25. Ng5 Qd7 26. g4 hxg4 27. fxg4 c6 28. Qd4 Re8 29.
Rxe8 Qxe8 30. c4 Qe1+ 31. Kc2 Qe2+ 32. Kb1 Qe1+ 33. Ka2 Qa5+ 34. Kb1 Qe1+ 1/2-1/2

[Event "*** Titled Tuesday Blitz"]
[Site "Chess.com"]
[Date "2021.03.02"]
[Round "3"]
[White "Enriquack"]
[Black "Cuajada_Zero"]
[Result "0-1"]
[WhiteElo "2444"]
[BlackElo "2258"]
[TimeControl "180+1"]
[EndTime "10:28:07 PST"]
[Termination "Cuajada_Zero won by resignation"]

1. e4 c6 2. d4 d5 3. e5 Bf5 4. Nf3 e6 5. Be2 Nd7 6. O-O Ne7 7. Nbd2 Bg6 8. a4 Nf5 9. Nb3 Be7 10. g4 Nh4 11. Nxh4 Bxh4 12. f4 f5 13. a5 Be7 14.
g5 c5 15. h4 Bf7 16. Be3 Rc8 17. a6 b6 18. Bb5 h5 19. c3 g6 20. dxc5 bxc5 21. Na5 Rc7 22. Nc6 Qa8 23. Qa4 Nb6 24. Qa5 Rxc6 25. b4 O-O 26. Bxc6 Qxc6 27. b5 Qc7 28. Rfd1 Rd8 29. Kf2 Be8 30. Rac1 Rc8 31. Qa3 Bxb5 32. Rb1 Be8 33. Kf3 Nc4 34. Qa2 Bc6 35. Bg1 Ba8 36. Kg3 Nb6 37. Qa5 Qc6 38. Qa2 d4 39. cxd4 Qf3+ 40. Kh2 Qxf4+ 41. Kh3 Qg4+ 0-1

[Event "*** Titled Tuesday Blitz"]
[Site "Chess.com"]
[Date "2021.03.02"]
[Round "3"]
[White "HouseOfDurin"]
[Black "Eloist"]
[Result "1-0"]
[WhiteElo "2167"]
[BlackElo "2339"]
[TimeControl "180+1"]
[EndTime "10:28:07 PST"]
[Termination "HouseOfDurin won by resignation"]

1. d4 e6 2. h4 d5 3. Bg5 Be7 4. Nf3 Nf6 5. e3 O-O 6. c4 Ne4 7. Bxe7 Qxe7 8. Nc3 c5 9. cxd5 Nxc3 10. bxc3 exd5 11. Be2 Nc6 12. O-O Bg4 13. g3 Rac8 14. Rb1 Rfe8 15. Qb3 Qf6 16. Qxd5 h6 17. Rxb7 Rcd8 18.
Qxc5 Bxf3 19. Bxf3 Qxf3 20. Rfb1 Re6 21. Rc7 Rf6 22. Rb2 Rd5 23. Qc4 Rdf5 24. Rc8+ Kh7 25. Qd3 Rg6 26. Kh2 Rg4 27. Rb5 g6 28. Rxf5 Qxf5 29. Qxf5 gxf5 30. Rxc6 1-0

[Event "*** Titled Tuesday Blitz"]
[Site "Chess.com"]
[Date "2021.03.02"]
[Round "3"]
[White "tteshan"]
[Black "pedro_nascimento85"]
[Result "1-0"]
[WhiteElo "2345"]
[BlackElo "2111"]
[TimeControl "180+1"]
[EndTime "10:28:07 PST"]
[Termination "tteshan won by resignation"]

1. d4 d5 2. c4 e6 3. Nc3 Be7 4. cxd5 exd5 5. Bf4 c6 6. e3 Nf6 7. Bd3 Nbd7 8. Qc2 Nf8 9. h3 Ng6 10. Bh2 O-O 11. Nge2 Bd6 12. Bxd6 Qxd6 13. h4 Ne7 14. O-O-O b5 15. Nf4 Ng4 16. Bxh7+ Kh8 17. Bd3 b4 18. Na4 a5 19. h5 Ba6 20. Bxa6 Rxa6 21. Qe2 c5 22.
Qxg4 cxd4 23. Ng6+ Kg8 24. Nxe7+ Kh8 25. Ng6+ Kg8 26.
Nxf8 Kxf8 27. exd4 Qc6+ 28. Kb1 Ra8 29. Nc5 a4 30. Nd7+ Kg8 31. h6 g6 32. h7+ Kh8 33.
Ne5 Qc7 34. Nxg6+ fxg6 35. Qxg6 Qg7 36. Qxg7+ Kxg7 37. Rde1 b3 38. axb3 axb3 39. Rc1 Kh8 40. g4 Re8 41. f4 1-0

[Event "*** Titled Tuesday Blitz"]
[Site "Chess.com"]
[Date "2021.03.02"]
[Round "3"]
[White "IriBu"]
[Black "A-Fier"]
[Result "0-1"]
[WhiteElo "2552"]
[BlackElo "2783"]
[TimeControl "180+1"]
[EndTime "10:28:08 PST"]
[Termination "A-Fier won by resignation"]

1. e4 c5 2. Be2 Nc6 3. f4 d5 4. d3 Nf6 5. e5 Ng8 6. Nf3 Nh6 7.
Be3 Bg4 8. O-O e6 9. c3 Nf5 10.
Bf2 h5 11. Na3 Be7 12. Nc2 h4 13. Ne3 Bxf3 14. Bxf3 g6 15. Qd2 Qc7 16. Nxf5 gxf5 17. c4 dxc4 18. dxc4 Nd4 19. Bxd4 cxd4 20. Kh1 Rd8 21.
Qd3 a5 22. a3 b6 23. Rfb1 h3 24. g3 a4 25. Kg1 Kf8 26. Rd1 Bc5 27. Kf1 Kg7 28. Rac1 Rde8 29. Re1 Rb8 30. Bd1 Qd7 31. Be2 Rhe8 32. Kf2 f6 33. Bf1 fxe5 34. Rxe5 Bd6 35. Re2 Be7 36. Rd1 Bf6 37. Kg1 b5 38. Bxh3 bxc4 39.
Qxc4 Rb3 40. Bf1 d3 41. Red2 Rc8 42. Qa6 Bd4+ 43. Kh1 Rc2 44. Bxd3 Qd5+ 0-1

[Event "*** Titled Tuesday Blitz"]
[Site "Chess.com"]
[Date "2021.03.02"]
[Round "3"]
[White "Misticpikachu"]
[Black "AlexPapasimakopoulos"]
[Result "0-1"]
[WhiteElo "2408"]
[BlackElo "2603"]
[TimeControl "180+1"]
[EndTime "10:28:08 PST"]
[Termination "AlexPapasimakopoulos won on time"]

1. c4 f5 2. Nc3 Nf6 3. g3 g6 4. Bg2 Bg7 5. Nf3 O-O 6. O-O d6 7. d4 e6 8. Qd3 Nc6 9. a3 e5 10. e4 exd4 11. Nxd4 Nxd4 12. Qxd4 Nxe4 13. Qd5+ Kh8 14.
Nxe4 fxe4 15. Bg5 c6 16. Bxd8 cxd5 17. Be7 Re8 18. Bxd6 dxc4 19. Rac1 Be6 20. Bxe4 Rad8 21. Bb4 Bxb2 22. Rc2 c3 23. Bxb7 Bh3 24. Rb1 Bf5 25.
Rbxb2 cxb2 26. Rxb2 Rd1+ 27. Kg2 Rd7 28. Bc6 Be4+ 29.
Bxe4 Rxe4 30. Bc3+ Kg8 31. Rb8+ Kf7 32. Rh8 h5 33.
Rh7+ Ke6 34. Rh6 Kf5 35. Rh8 Ree7 36. Rf8+ Rf7 37. Re8 Rde7 38. Rd8 Rc7 39. Bd4 Rcd7 40. Rxd7 Rxd7 41. Bc5 a5 42. h3 a4 43. Bb4 Rb7 44.
Bc5 Rb5 45. Bd6 Ke4 46. g4 hxg4 47. hxg4 Rd5 48. Bb4 Kf4 49. f3 Rd4 50. Bc3 Rd3 51. Bb4 Rxf3 52. Bd6+ Kxg4 53. Bc7 Rc3 54. Bd6 Rd3 55. Bh2 Rxa3 56. Kf1 Ra1+ 57. Kg2 Ra2+ 58. Kg1 Rxh2 59. Kxh2 a3 0-1

[Event "*** Titled Tuesday Blitz"]
[Site "Chess.com"]
[Date "2021.03.02"]
[Round "3"]
[White "zeitnot2006"]
[Black "lamomiablanca"]
[Result "0-1"]
[WhiteElo "2525"]
[BlackElo "2351"]
[TimeControl "180+1"]
[EndTime "10:28:08 PST"]
[Termination "lamomiablanca won by resignation"]

1. e4 c5 2. Ke2 Nc6 3. c3 Nf6 4. d3 d5 5. Nd2 e5 6. g3 Be7 7.
Bh3 Bxh3 8. Nxh3 Qd7 9. Ng1 c4 10. dxc4 dxe4 11. Nf1 Qe6 12. b3 Rd8 13. Qc2 Qg4+ 14. Ke1 O-O 15. Ne3 Qe6 16. Ne2 h5 17. h3 Rd3 18. Bb2 Rfd8 19. Rd1 Nh7 20. h4 Nf6 21.
Bc1 Bc5 22. Rd2 Bxe3 23. fxe3 Ng4 24. Qb2 Qd7 25. Rxd3 exd3 26. Ng1 e4 27. Nh3 Nce5 28. Kd1 Nf3 29. Nf4 d2 30. Ke2 d1=Q+ 0-1